 Dungeon Crawl Stone Soup version 0.27-a0-887-gcab673c142 (webtiles) character file.

Game seed: 6439391584871167157

13829 Lanoc the Spry (level 11, -14/47 HPs)
             Began as a Spriggan Conjurer on Apr 3, 2021.
             Was a High Priest of Vehumet.
             Shot with a bolt by a yaktaur (16 damage)
             ... on level 11 of the Dungeon.
             The game lasted 00:30:57 (15142 turns).

Lanoc the Spry (Spriggan Conjurer)                 Turns: 15142, Time: 00:30:58

Health: -14/47     AC: 10    Str:  3    XL:     11   Next: 80%
Magic:  13/16      EV: 26    Int: 30    God:    Vehumet [*****.]
Gold:   802        SH:  5    Dex: 13    Spells: 6/15 levels left

rFire    . . .     SeeInvis +   L - +7 dagger of Kindness {elec, +Rage}
rCold    . . .     Faith    .   (shield restricted)
rNeg     . . .     Spirit   .   G - +0 steam dragon scales
rPois    .         Reflect  +   (helmet restricted)
rElec    .         Harm     .   D - +0 cloak
rCorr    .         Rampage  .   (gloves unavailable)
Will     +....                  (boots unavailable)
Stlth    ++........             i - amulet of reflection
HPRegen  0.15/turn              e - +6 ring of intelligence
MPRegen  0.15/turn              m - +4 ring of protection

@: very quick
A: very small, no large weapons, unfitting armour, see invisible, speed 3
a: Renounce Religion, Evoke Berserk Rage


You were on level 11 of the Dungeon.
You worshipped Vehumet.
Vehumet was extremely pleased with you.
You visited 2 branches of the dungeon, and saw 12 of its levels.
You also visited: Ossuary.

You collected 802 gold pieces.

Inventory:

Hand Weapons
 L - the +7 dagger of Kindness (weapon) {elec, +Rage}
   (You took it off a yaktaur on level 11 of the Dungeon)

   Occasionally, upon striking a foe, it can discharge electrical energy and
   cause terrible harm.
   It lets you go berserk.
Missiles
 a - 3 atropa-tipped darts
 C - 2 boomerangs of dispersal
 F - a curare-tipped dart
 I - 3 throwing nets
Armour
 D - a +0 cloak (worn)
 G - +0 steam dragon scales (worn)
Jewellery
 e - a +6 ring of intelligence (left hand)
 i - an amulet of reflection (around neck)
 m - a +4 ring of protection (right hand)
 y - a +4 ring of protection
 K - a ring of wizardry
 M - a ring of poison resistance
Wands
 g - a wand of acid (8)
 s - a wand of mindburst (25)
 x - a wand of paralysis (18)
 B - a wand of digging (4)
 H - a wand of random effects (22)
Scrolls
 d - 2 scrolls of magic mapping
 f - 2 scrolls of brand weapon {unknown}
 k - 3 scrolls of noise
 l - a scroll of enchant armour {unknown}
 o - 3 scrolls of vulnerability {unknown}
 r - 3 scrolls of fog {unknown}
 t - 6 scrolls of teleportation
 u - 3 scrolls of immolation {unknown}
 v - 5 scrolls of enchant weapon {unknown}
 A - 2 scrolls of torment {unknown}
 E - 2 scrolls of holy word {unknown}
Potions
 b - a potion of attraction
 c - 4 potions of lignification
 h - 2 potions of haste
 j - 3 potions of invisibility
 n - 5 potions of curing
 p - 2 potions of heal wounds
 q - 3 potions of brilliance
 w - a potion of berserk rage
 z - 3 potions of flight
 J - a potion of mutation {unknown}


   Skills:
 + Level 16.6 Dodging
 - Level 3.0 Stealth
 - Level 2.6 Spellcasting
 + Level 10.9 Conjurations


You had 6 spell levels left.
You knew the following spells:

 Your Spells              Type           Power      Damage    Failure   Level
a - Magic Dart            Conj           100%       1d8       1%          1
b - Foxfire               Conj/Fire      100%       2x1d9     1%          1
c - Searing Ray           Conj           100%       3d7       1%          2
d - Lightning Bolt        Conj/Air       18%        1d32      6%          5

Your spell library contained the following spells:

 Spells                   Type           Power      Damage    Failure   Level
 Sticky Flame             Conj/Fire      36%        2d6       2%          4
 Shock                    Conj/Air       100%       1d9       1%          1
 Dazzling Flash           Conj/Hex       72%        N/A       1%          3
 Static Discharge         Conj/Air       36%        N/A       1%          3
 Fulminant Prism          Conj/Hex       18%        3d11      2%          4
 Iskenderun's Mystic Bla  Conj/Tloc      36%        2d9       2%          4
 Animate Skeleton         Necr           8%         N/A       8%          1
 Apportation              Tloc           8%         N/A       8%          1
 Corona                   Hex            4%         N/A       8%          1
 Summon Small Mammal      Summ           16%        N/A       8%          1
 Swiftness                Air            4%         N/A       11%         2
 Airstrike                Air            2%         N/A       19%         4
 Borgnjor's Revivificati  Necr           2%         N/A       100%        8
 Infestation              Necr           2%         N/A       100%        8
 Necromutation            Tmut/Necr      2%         N/A       100%        8
 Death's Door             Necr           2%         N/A       100%        9


Dungeon Overview and Level Annotations

Branches:
Dungeon (11/15)            Temple (1/1) D:4            Lair (0/6) D:10
    Orc (0/2) D:11        Ossuary (visited)

Altars:
Fedhas
Hepliaklqana
Uskayaw
Vehumet

Shops:
D:3 *   D:4 !


Innate Abilities, Weirdness & Mutations

You are very small and have problems with some larger weapons.
You are too small for most types of armour.
You have supernaturally acute eyesight. (SInv)
You cover ground extremely quickly. (Speed+++)


Message History

Aiming: Searing Ray (safe; 1% risk of failure)
Press: ? - help, Shift-Dir - straight line, f/p - minotaur
Aim: a minotaur, wearing a +0 plate armour, wearing a +4 ring of evasion and quivering javelins (lightly wounded, 17% to evade)
The searing ray hits the minotaur but does no damage.
The minotaur is lightly wounded. (Press . to maintain the ray.)
The searing ray hits the minotaur.
The minotaur is lightly wounded.
The minotaur throws a javelin.
The javelin pierces through you!!
Ouch! That really hurt!
* * * LOW HITPOINT WARNING * * *
You feel much better.
Items here: ( ) ††.
The minotaur throws a javelin.
The javelin pierces through you!!
* * * LOW HITPOINT WARNING * * *
As you read the scroll of teleportation, it crumbles to dust.
You feel strangely unstable.
There is an open door here.
Your surroundings suddenly seem different.
You start resting.
Magic restored.
You start resting.
A yaktaur comes into view.
Casting: Searing Ray (safe; 1% risk of failure)
Confirm with . or Enter, or press ? or * to list all spells.
Aiming: Searing Ray (safe; 1% risk of failure)
Press: ? - help, Shift-Dir - straight line, f - yaktaur
Aim: a yaktaur, quivering bolts (wandering, hasn't noticed you, 4% to evade)
The searing ray hits the yaktaur.
The yaktaur is lightly wounded.
The yaktaur shouts! (Press . to maintain the ray.)
The yaktaur wields a +0 arbalest.
The yaktaur shoots a bolt.
The bolt hits you!!
Ouch! That really hurt!
* * * LOW HITPOINT WARNING * * *
The searing ray hits the yaktaur!
The yaktaur is moderately wounded.
The yaktaur shoots a bolt.
The bolt hits you!
You die...

....#...##†##..<...#...#.#'#.....
....#...#...#......#...#...#.....
'####...#...#......#'###...######
........#...#....................
........#...#....................
........#...#....................
........#...#....................
........#...#)......c...........#
........###'#...@......#######..#
.......................# #..#
.......................# #..#
######################## ####


You could see a yaktaur.

Vanquished Creatures
  A hydra (D:11)
  2 two-headed ogres
  2 death yaks
  2 cyclopes (D:11)
  8 yaktaurs (D:11)
  13 yaks
  A water elemental (D:11)
  A wyvern (D:10)
  2 steam dragons
  4 wargs (D:11)
  A water moccasin (D:6)
  Duvessa (D:4)
  A sky beast (D:5)
  2 orc warriors (D:10)
  3 black bears
  2 ice beasts
  An ogre (D:5)
  3 phantoms
  5 centaurs
  3 kobold brigands
  2 gnoll sergeants
  6 bullfrogs
  2 scorpions
  A water moccasin zombie (D:5)
  Dowan (D:4)
  2 wyvern skeletons
  A water moccasin skeleton (D:5)
  A killer bee (D:5)
  8 wights
  7 howler monkeys
  An electric eel (D:11)
  2 centaur zombies
  A centaur skeleton (D:5)
  3 bullfrog zombies
  6 hounds
  5 orc priests
  Crazy Yiuf (D:7)
  Jessica (D:2)
  3 gnoll shamans
  4 iguanas
  5 orc wizards
  A killer bee zombie (D:7)
  8 mummies (Ossuary)
  A howler monkey zombie (D:7)
  33 gnolls
  7 adders
  3 white imps
  2 ufetubi
  2 worms
  6 dart slugs
  23 orcs
  4 ball pythons
  5 endoplasms
  2 giant cockroaches
  2 gnoll zombies (Ossuary)
  3 goblins
  8 hobgoblins
  19 kobolds
  6 quokkas
  2 bats
  6 frilled lizards
  A goblin zombie (D:8)
  2 hobgoblin zombies (Ossuary)
  4 kobold zombies (Ossuary)
  A quokka zombie (D:8)
  6 rats
278 creatures vanquished.

Vanquished Creatures (others)
  59 foxfires
  2 fungi (D:10)
61 creatures vanquished.

Grand Total: 339 creatures vanquished

Notes
Turn   | Place    | Note
-------+----------+-------------------------------------------
     0 | D:1      | Lanoc the Spriggan Conjurer began the quest for the Orb.
     0 | D:1      | Reached XP level 1. HP: 9/9 MP: 5/5
    56 | D:1      | Found a faded altar of an unknown god.
    72 | D:1      | Became a worshipper of Vehumet
    72 | D:1      | Reached * piety under Vehumet
    72 | D:1      | Offered knowledge of Foxfire by Vehumet.
   106 | D:1      | Learned a level 1 spell: Foxfire
   161 | D:1      | Reached skill level 3 in Dodging
   337 | D:1      | Reached XP level 2. HP: 13/13 MP: 2/6
  1243 | D:2      | Reached XP level 3. HP: 16/16 MP: 1/8
  1245 | D:2      | Reached skill level 4 in Dodging
  1436 | D:2      | Noticed Jessica
  1441 | D:2      | Killed Jessica
  1441 | D:2      | Reached ** piety under Vehumet
  1441 | D:2      | Offered knowledge of Freeze by Vehumet.
  1442 | D:2      | Reached XP level 4. HP: 21/21 MP: 6/9
  2285 | D:3      | Reached skill level 5 in Dodging
  2621 | D:3      | Reached XP level 5. HP: 17/24 MP: 1/10
  2824 | D:3      | Found a blossoming altar of Fedhas.
  3119 | D:3      | Offered knowledge of Mephitic Cloud by Vehumet.
  3233 | D:3      | Noticed a centaur
  3284 | D:3      | Found Umugose's General Store.
  3366 | D:4      | Noticed Dowan
  3370 | D:4      | Noticed Duvessa
  3391 | D:4      | Learned a level 2 spell: Searing Ray
  3435 | D:4      | Noticed a phantom
  3456 | D:4      | Killed Duvessa
  3457 | D:4      | Reached skill level 6 in Dodging
  3457 | D:4      | Reached XP level 6. HP: 11/28 MP: 2/11
  3531 | D:4      | Killed Dowan
  3808 | D:4      | Reached *** piety under Vehumet
  3812 | D:4      | Reached skill level 7 in Dodging
  3826 | D:4      | Reached skill level 5 in Conjurations
  3826 | D:4      | Reached XP level 7. HP: 32/32 MP: 3/12
  3911 | D:4      | Found Coqarus's Distillery.
  4456 | D:4      | Found a staircase to the Ecumenical Temple.
  4465 | Temple   | Entered the Ecumenical Temple
  4508 | D:5      | Entered Level 5 of the Dungeon
  4773 | D:5      | Reached skill level 8 in Dodging
  5471 | D:5      | Reached skill level 9 in Dodging
  5471 | D:5      | Reached XP level 8. HP: 36/36 MP: 10/13
  5927 | D:5      | Offered knowledge of Hailstorm by Vehumet.
  6014 | D:5      | Reached skill level 10 in Dodging
  6769 | D:6      | Reached skill level 11 in Dodging
  6770 | D:6      | Reached XP level 9. HP: 39/39 MP: 9/14
  7749 | D:7      | Reached **** piety under Vehumet
  7906 | D:7      | Offered knowledge of Inner Flame by Vehumet.
  7943 | D:7      | Found a runed translucent door.
  7944 | D:7      | Noticed Crazy Yiuf
  8408 | D:7      | Killed Crazy Yiuf
  8510 | D:8      | Found a hide-covered altar of Uskayaw.
  8510 | D:8      | Found a hazy altar of Hepliaklqana.
  8574 | D:8      | Reached skill level 12 in Dodging
  8711 | D:8      | Found a sand-covered staircase.
  8718 | Ossuary  | Entered an ossuary
  9411 | D:8      | Reached skill level 13 in Dodging
  9413 | D:8      | Reached XP level 10. HP: 44/44 MP: 6/15
  9733 | D:8      | You fall into a shaft and drop 3 floors!
  9733 | D:11     | Found a staircase to the Orcish Mines.
  9771 | D:11     | Reached ***** piety under Vehumet
  9804 | D:11     | Offered knowledge of Sticky Flame by Vehumet.
  9862 | D:11     | Noticed a two-headed ogre
  9868 | D:11     | Noticed a death yak
  9871 | D:11     | Noticed a cyclops
  9895 | D:10     | Entered Level 10 of the Dungeon
 10181 | D:10     | Reached skill level 14 in Dodging
 10567 | D:10     | Noticed a two-headed ogre
 10569 | D:10     | Found a radiant altar of Vehumet.
 10582 | D:10     | Killed a two-headed ogre
 10738 | D:10     | Found a staircase to the Lair.
 11020 | D:9      | Learned a level 5 spell: Lightning Bolt
 11402 | D:9      | Reached skill level 15 in Dodging
 11410 | D:9      | Reached XP level 11. HP: 47/47 MP: 7/16
 12565 | D:10     | Killed a death yak
 12566 | D:10     | Reached skill level 10 in Conjurations
 12856 | D:11     | Killed a two-headed ogre
 13178 | D:11     | Noticed a minotaur
 13253 | D:11     | Noticed a seven-headed hydra
 13552 | D:11     | Reached skill level 16 in Dodging
 13599 | D:11     | Killed a seven-headed hydra
 14266 | D:11     | Identified the +7 dagger of Kindness {elec, +Rage}
 14742 | D:11     | Noticed a death yak
 14797 | D:11     | Killed a death yak
 15141 | D:11     | HP: 2/47 [yaktaur/bolt (33)]
 15142 | D:11     | Shot with a bolt by a yaktaur

Illustrated notes

Levels and vault maps discovered:
D:1:      dpeg_arrival_short_road, layout_basic, basic_ecumenical_altar,
          corexii_hall_statues_deadend
D:2:      minmay_evil_eye, layout_basic, wander_ebering_terrifying_dragon_lair,
          uniq_jessica
D:3:      layout_rooms, lemuel_doored_altar, serial_shops,
          nicolae_shop_competitors_out_of_business, kennysheep_cross_bottleneck,
          hangedman_decor_riveting, kennysheep_generic_room_11
D:4:      layout_loops_ring, temple_hall, serial_shops, shop, uniq_duvessa
D:5:      minmay_clustersquares, layout_basic
D:6:      layout_basic
D:7:      layout_layer_cave, uniq_crazy_yiuf_cottage
D:8:      layout_gridville, grunt_temple_overflow_open, enter_ossuary_4,
          serial_rivers, chequers_serial_rivers_room_b,
          chequers_serial_rivers_small_b, chequers_serial_rivers_small_b,
          chequers_serial_rivers_micro_b, chequers_serial_rivers_micro_c
D:9:      layout_loops_ring
D:10:     layout_long_grid, fiery_altar_vehumet, grunt_lair_entry_orc_guard_hut,
          kennysheep_generic_room_12
D:11:     fort_yaktaur, layout_irregular_city, minmay_orc_entry_guard_dogs
Temple:   dpeg_five_rooms_temple

Skill      XL: |  1  2  3  4  5  6  7  8  9 10 11 |
---------------+----------------------------------+-----
Conjurations   | 3 4 5 7 8 9 10 | 10.9
Dodging        | 3 4 5 6 7 9 11 13 15 16 | 16.6
Stealth        | |  3.0
Spellcasting   | |  2.6

Action                   |  1- 3 |  4- 6 |  7- 9 | 10-12 || total
-------------------------+-------+-------+-------+-------++-------
Melee: Unarmed           |    15 |       |       |       ||    15
       Club              |       |    11 |     1 |       ||    12
 Cast: Magic Dart        |    44 |    84 |    34 |     5 ||   167
       Foxfire           |    11 |    18 |     2 |     2 ||    33
       Searing Ray       |       |     9 |    82 |    94 ||   185
       Lightning Bolt    |       |       |       |     2 ||     2
Evoke: Wand              |       |       |     5 |       ||     5
  Use: Scroll            |       |       |    10 |     4 ||    14
       Potion            |       |       |       |     4 ||     4
Armor: Robe              |       |     7 |     6 |     7 ||    20
       Steam dragon scal |       |       |       |     2 ||     2
Dodge: Dodged            |     8 |    35 |    60 |    73 ||   176
Block: Other             |       |    12 |    15 |    15 ||    42
       Reflection        |       |     1 |     1 |    10 ||    12

Table legend: (Time is in decaauts)
 A = Elapsed time spent in this place.
 B = Non-inter-level travel time spent in this place.
 C = Inter-level travel time spent in this place.
 D = Time resting spent in this place.
 E = Time spent auto-exploring this place.
 F = Levels seen in this place.
 G = Mean time per level.
                   A        B        C        D        E       F      G
               +--------+--------+--------+--------+--------+-----+--------+
         Total |  11978 |  11836 |    142 |    975 |   9069 |  13 |  921.4 |
       Dungeon |  11507 |  11365 |    142 |    958 |   8694 |  11 | 1046.1 |
        Temple |      1 |      1 |      0 |      0 |      0 |   1 |    1.0 |
       Ossuary |    469 |    469 |      0 |     17 |    375 |   1 |  469.0 |
               +--------+--------+--------+--------+--------+-----+--------+

Top non-repeatable levels by time:
    D:11: 2076 daAuts
     D:5: 1285 daAuts
    D:10: 1275 daAuts
     D:7: 1044 daAuts
     D:8: 970 daAuts
     D:3: 926 daAuts
     D:1: 889 daAuts
     D:4: 864 daAuts
     D:2: 810 daAuts
     D:9: 692 daAuts
     D:6: 671 daAuts
 Ossuary: 469 daAuts
  Temple: 1 daAuts
